 Dungeon Crawl Stone Soup version 0.27-a0-1051-g288ea87c7c (webtiles) character file.

Game seed: 12647453786470303327

6805 leviel the Cleaver (level 10, -6/91 HPs)
             Began as a Minotaur Fighter on Apr 20, 2021.
             Was an Initiate of Gozag.
             Killed by refrigeration
             ... invoked by Fannar
              (28 damage)
             ... on level 10 of the Dungeon on Apr 21, 2021.
             The game lasted 00:14:53 (12315 turns).

leviel the Cleaver (Minotaur Fighter)              Turns: 12315, Time: 00:14:53

Health: -6/91      AC: 16    Str: 21    XL:     10   Next: 77%
Magic:  9/9        EV:  7    Int:  5    God:    Gozag
Gold:   1047       SH: 17    Dex: 15    Spells: 9/9 levels left

rFire    + . .     SeeInvis .   a - +4 broad axe (elec)
rCold    x . .     Faith    .   c - +0 kite shield
rNeg     . . .     Spirit   .   K - +1 plate armour
rPois    .         Reflect  +   (helmet restricted)
rElec    +         Harm     .   (no cloak)
rCorr    .         Rampage  .   (no gloves)
Will     +....                  m - +0 pair of boots
Stlth    ..........             E - amulet of reflection
HPRegen  0.25/turn              w - ring "Daise" {Fire rElec Str-2 Dex+4}
MPRegen  0.11/turn              z - ring of willpower

@: about to teleport
A: horns 2, retaliatory headbutt
a: Renounce Religion, Potion Petition, Call Merchant, Bribe Branch


You were on level 10 of the Dungeon.
You worshipped Gozag.
Gozag was most pleased with you.
You visited 1 branch of the dungeon, and saw 10 of its levels.

You collected 1284 gold pieces.
You spent 72 gold pieces at shops.
You paid 165 gold pieces to Gozag.

Inventory:

Hand Weapons
 a - a +4 broad axe of electrocution (weapon)
 D - a +0 war axe
Missiles
 b - a throwing net
 G - a curare-tipped dart (quivered)
Armour
 c - a +0 kite shield (worn)
 m - a +0 pair of boots (worn)
 K - a +1 plate armour (worn)
Jewellery
 e - a +6 ring of intelligence
 w - the ring "Daise" (left hand) {Fire rElec Str-2 Dex+4}
   (You found it on level 4 of the Dungeon)

   [ring of fire]

   It enhances your fire magic.
   It affects your strength (-2).
   It affects your dexterity (+4).
   It protects you from fire.
   It makes you vulnerable to cold.
   It insulates you from electricity.
 z - a ring of willpower (right hand)
 E - an amulet of reflection (around neck)
Wands
 n - a wand of iceblast (12)
 v - a wand of digging (1)
 A - a wand of acid (10)
 C - a wand of flame (40)
 I - a wand of polymorph (19)
Scrolls
 g - 4 scrolls of teleportation
 u - 2 scrolls of magic mapping
Potions
 d - a potion of ambrosia
 f - 6 potions of heal wounds
 h - a potion of brilliance
 i - 5 potions of mutation
 j - 9 potions of curing
 k - 2 potions of magic
 o - a potion of lignification
 p - 2 potions of resistance {unknown}
 r - 3 potions of degeneration {unknown}
 t - a potion of flight
 B - a potion of invisibility {unknown}


   Skills:
 + Level 9.5 Fighting
 + Level 10.9 Axes
 + Level 9.8 Armour
 - Level 3.2 Dodging
 - Level 1.4 Stealth
 + Level 9.3 Shields
 + Level 3.4 Evocations


You had 9 spell levels left.
You didn't know any spells.
Your spell library contained the following spells:

 Spells                   Type           Power      Damage    Failure   Level
 Beastly Appendage        Tmut           0%         N/A       100%        1
 Magic Dart               Conj           0%         1d3       100%        1
 Sandblast                Erth           0%         2d4       100%        1
 Sting                    Tmut/Pois      0%         1d3       100%        1
 Blink                    Tloc           N/A        N/A       100%        2
 Call Imp                 Summ           0%         N/A       100%        2
 Passwall                 Tmut/Erth      0%         N/A       100%        2
 Poisonous Vapours        Pois/Air       0%         N/A       100%        2
 Searing Ray              Conj           0%         3d3       100%        2
 Slow                     Hex            0%         N/A       100%        2
 Wereblood                Tmut           0%         N/A       100%        2
 Confusing Touch          Hex            0%         N/A       100%        3
 Conjure Flame            Conj/Fire      0%         6-21      100%        3
 Dazzling Flash           Conj/Hex       0%         N/A       100%        3
 Gell's Gravitas          Tloc           0%         N/A       100%        3
 Ignite Poison            Fire/Tmut/Pois 0%         N/A       100%        3
 Mephitic Cloud           Conj/Pois/Air  0%         N/A       100%        3
 Spider Form              Tmut/Pois      0%         N/A       100%        3
 Stone Arrow              Conj/Erth      0%         3d7       100%        3
 Fulminant Prism          Conj/Hex       0%         3d6       100%        4
 Ice Form                 Ice/Tmut       0%         N/A       100%        4
 Iskenderun's Mystic Bla  Conj/Tloc      0%         2d3       100%        4
 Olgreb's Toxic Radiance  Pois           0%         N/A       100%        4
 Petrify                  Tmut/Erth      0%         N/A       100%        4
 Hydra Form               Tmut           0%         N/A       100%        5
 Lee's Rapid Deconstruct  Erth           0%         3d5*      100%        5
 Metabolic Englaciation   Hex/Ice        0%         N/A       100%        5
 Yara's Violent Unravell  Hex/Tmut       0%         3d3       100%        5


Dungeon Overview and Level Annotations

Branches:
Dungeon (10/15)            Temple (0/1) D:5
   Lair: D:8-11         Orc: D:9-12

Altars:
Gozag
Kikubaaqudgha
Okawaru
Qazlal
Uskayaw
Wu Jian
Xom
The Shining One
Beogh

Shops:
D:2 !   D:4 *[((?

Annotations:
D:6 2 transporters
D:10 Fannar


Innate Abilities, Weirdness & Mutations

You have a pair of horns on your head.
You reflexively headbutt those who attack you in melee.


Message History

HP restored.
Found 5 large rocks.
You now have 986 gold pieces (gained 8).
Things that are here:
a +0 hand axe; a +0 dagger; a +0 robe You now have 991 gold pieces (gained 5).
Things that are here:
a +0 dagger; a +0 robe
Things that are here:
a +0 dagger; a +0 robe You now have 1025 gold pieces (gained 34).
f - 6 potions of heal wounds (gained 1)
g - 5 scrolls of teleportation (gained 1)
You now have 1047 gold pieces (gained 22).
Found a stone staircase leading up.
e - a +6 ring of intelligence Fannar the Cold-Hearted comes into view.
They are wielding a staff of cold and wearing a +2 robe of cold resistance.
Fannar shouts!
Fannar gestures wildly while chanting.
Found 15 bolts.
You see here 9 gold pieces.
There are monsters nearby!
You block the ice beast's attack.
There is a stone staircase leading up here.
You see here 9 gold pieces.
Fannar gestures wildly while chanting.
Fannar drains the heat from the surrounding environment!
You feel a terrible chill! Fannar gestures at you while chanting.
The bolt of cold hits the ice beast.
The ice beast completely resists.
The bolt of cold hits you!!!
You feel a terrible chill!
Ouch! That really hurt!
* * * LOW HITPOINT WARNING * * *
As you read the scroll of teleportation, it crumbles to dust.
You feel strangely unstable.
Fannar casts a spell.
Fannar drains the heat from the surrounding environment!
You feel a terrible chill!
You die...
Your body crumbles into a pile of gold.

#.#..##.# #
#.......##.#
#.....<....#
###..##e#### ....
#.# .### #.# ##.##
$ #Y..# #@..#
#...#
#####...#####
#...........#.###
.................#
#...........#.##.#
#####...#####.#
#...# . #...# ##


You could see Fannar and an ice beast (summoned).

Vanquished Creatures
  Harold (D:9)
  Prince Ribbit (D:5)
  A hornet (D:9)
  A wyvern (D:8)
  7 yaks
  2 steam dragons
  A wraith (D:4)
  Menkaure (D:6)
  Duvessa (D:7)
  3 orc warriors
  4 sky beasts
  2 black bears
  An ogre (D:6)
  2 necrophages
  6 centaurs
  A phantom (D:5)
  3 kobold brigands
  5 bullfrogs
  3 scorpions
  A water moccasin skeleton (D:5)
  4 killer bees (D:10)
  Dowan (D:7)
  8 wights
  A centaur zombie (D:10)
  A bullfrog skeleton (D:5)
  A jelly (D:6)
  2 hounds
  11 orc priests
  5 iguanas
  A gnoll shaman (D:9)
  Ijyb (D:3)
  Terence (D:3)
  3 orc wizards
  A killer bee zombie (D:6)
  Robin (D:2)
  A howler monkey zombie (D:9)
  3 gnolls (D:9)
  6 adders
  An ufetubus (D:4)
  An adder skeleton (D:4)
  2 worms
  20 orcs
  10 ball pythons
  4 bats
  An endoplasm (D:3)
  A giant cockroach (D:4)
  10 goblins
  7 hobgoblins (D:2)
  7 jackals
  A quokka (D:2)
  4 frilled lizards
  17 kobolds
  6 rats
191 creatures vanquished.

Vanquished Creatures (others)
  A plant (D:3)
1 creature vanquished.

Grand Total: 192 creatures vanquished

Notes
Turn   | Place    | Note
-------+----------+-------------------------------------------
     0 | D:1      | leviel the Minotaur Fighter began the quest for the Orb.
     0 | D:1      | Reached XP level 1. HP: 19/19 MP: 0/0
   309 | D:1      | Reached XP level 2. HP: 24/27 MP: 1/1
   402 | D:1      | Found a faded altar of an unknown god.
   730 | D:2      | Found Emnuh's Distillery.
   730 | D:2      | Noticed Robin
   755 | D:2      | Reached skill level 3 in Axes
   755 | D:2      | Reached XP level 3. HP: 26/33 MP: 2/2
   757 | D:2      | Killed Robin
  1001 | D:2      | Bought a potion of curing for 36 gold pieces
  1336 | D:2      | Reached XP level 4. HP: 40/40 MP: 3/3
  1677 | D:2      | Reached skill level 1 in Dodging
  2074 | D:2      | Reached skill level 4 in Axes
  2140 | D:3      | Noticed a kobold brigand
  2144 | D:3      | Killed a kobold brigand
  2145 | D:3      | Reached XP level 5. HP: 44/46 MP: 4/4
  2555 | D:3      | Noticed Terence
  2566 | D:3      | Killed Terence
  2688 | D:3      | Noticed Ijyb
  2716 | D:3      | Killed Ijyb
  2717 | D:3      | Reached skill level 5 in Armour
  2835 | D:4      | Noticed a necrophage
  2847 | D:4      | Killed a necrophage
  2848 | D:4      | Reached skill level 5 in Axes
  2848 | D:4      | Reached XP level 6. HP: 37/53 MP: 5/5
  3019 | D:4      | Reached skill level 5 in Shields
  3186 | D:4      | Found Tuokiann's Antique Armour Shop.
  3219 | D:4      | Found Qapnolan's Magic Scroll Shoppe.
  3226 | D:4      | Bought a scroll of teleportation for 36 gold pieces
  3259 | D:4      | Found an iron altar of Okawaru.
  3261 | D:4      | Found Anuema's Assorted Antiques.
  3403 | D:4      | Found a large runed translucent door.
  3404 | D:4      | Found a large runed translucent door.
  3414 | D:4      | Noticed a wraith
  3415 | D:4      | Noticed an orc warrior
  3484 | D:4      | Found a large runed translucent door.
  3484 | D:4      | Found a large runed translucent door.
  3564 | D:4      | Reached XP level 7. HP: 51/59 MP: 6/6
  3646 | D:4      | Identified the ring "Daise" {Fire rElec Str-2 Dex+4}
  3694 | D:4      | Found Siboup's Antique Weapon Emporium.
  3798 | D:4      | Found Heliaseh's Antique Weapon Shop.
  3873 | D:4      | Found an ornate altar of the Wu Jian Council.
  4142 | D:5      | Entered Level 5 of the Dungeon
  4151 | D:5      | Reached skill level 6 in Axes
  4499 | D:5      | Reached skill level 5 in Fighting
  4502 | D:5      | Found a staircase to the Ecumenical Temple.
  4513 | D:5      | Reached skill level 1 in Stealth
  4889 | D:5      | Noticed Prince Ribbit
  4910 | D:5      | Reached skill level 7 in Axes
  4910 | D:5      | Reached XP level 8. HP: 31/69 MP: 7/7
  4946 | D:5      | Killed Prince Ribbit
  5600 | D:6      | Reached skill level 8 in Axes
  6213 | D:6      | Found a transporter.
  6357 | D:6      | Reached XP level 9. HP: 58/78 MP: 8/8
  6579 | D:6      | Noticed Menkaure
  6581 | D:6      | Killed Menkaure
  6582 | D:6      | Reached skill level 9 in Axes
  6702 | D:6      | Found a transporter.
  7232 | D:7      | Found an ancient bone altar of Kikubaaqudgha.
  7287 | D:7      | Found an opulent altar of Gozag.
  7409 | D:7      | Became a worshipper of Gozag Ym Sagoz the Greedy
  7459 | D:7      | Noticed Duvessa
  7459 | D:7      | Noticed Dowan
  7465 | D:7      | Killed Dowan
  7469 | D:7      | Killed Duvessa
  9025 | D:8      | Reached skill level 10 in Axes
  9368 | D:8      | Reached skill level 1 in Evocations
  9383 | D:8      | Reached XP level 10. HP: 86/90 MP: 9/9
  9963 | D:9      | Found a shimmering altar of Xom.
  9965 | D:9      | Found a shimmering altar of Xom.
  9965 | D:9      | Found a shimmering altar of Xom.
  9966 | D:9      | Found a shimmering altar of Xom.
  9966 | D:9      | Found a shimmering altar of Xom.
  9969 | D:9      | Found a shimmering altar of Xom.
  9969 | D:9      | Found a shimmering altar of Xom.
 10662 | D:9      | Found a hide-covered altar of Uskayaw.
 10821 | D:9      | Found a large runed translucent door.
 10822 | D:9      | Found a large runed translucent door.
 11215 | D:9      | Found a stormy altar of Qazlal.
 11228 | D:9      | Found a glowing golden altar of the Shining One.
 11389 | D:10     | Entered Level 10 of the Dungeon
 11395 | D:10     | Noticed Harold
 11844 | D:9      | Killed Harold
 12307 | D:10     | Noticed Fannar
 12315 | D:10     | Killed from afar by Fannar

Illustrated notes

Levels and vault maps discovered:
D:1:      dpeg_arrival_arbitrary_c, layout_basic, ebering_ecumenical_altar_mist,
          nrook_campfire
D:2:      minmay_spotlight, layout_basic, serial_shops,
          nicolae_shop_temple_entry_statues_fountains, uniq_robin
D:3:      cheibrodos_old_hovel, layout_basic, uniq_ijyb, uniq_terence
D:4:      layout_loops_ring, pdpol_wu_jian_five_deadly_venoms,
          okawaru_gym_becter, serial_shops, nicolae_shop_window_shopping, shop,
          nicolae_shop_behind_doors, kennysheep_mini_moat, shop_fountains,
          minmay_hollow_rounded_squares
D:5:      layout_basic, minmay_temple_entry_proselytizer, uniq_prince_ribbit1
D:6:      gammafunk_steamed_eel, layout_basic, minmay_misc_feat_four_crosses,
          nrook_uturn, uniq_menkaure
D:7:      layout_gridville, nicolae_overflow_hidden_temple, kennysheep_mini,
          uniq_duvessa
D:8:      layout_layer_cave, david_defended_altar_orc
D:9:      layout_roguey, jmf_multi_god_temple2, nicolae_xom_altar_mimics,
          lemuel_doored_altar
D:10:     layout_loops_cross, cheibrodos_ashenzari_chains, uniq_harold,
          uniq_fannar, uniq_nergalle, uniq_sonja

Skill      XL: |  1  2  3  4  5  6  7  8  9 10 |
---------------+-------------------------------+-----
Armour         | 4 5 6 7 8 9 |  9.8
Axes           | 3 4 5 7 8 10 | 10.9
Shields        | 4 5 6 8 9 |  9.3
Dodging        | 1 2 3 |  3.2
Fighting       | 4 5 7 8 9 |  9.5
Stealth        | 1 |  1.4
Evocations     | 1 3 |  3.4

Action                   |  1- 3 |  4- 6 |  7- 9 | 10-12 || total
-------------------------+-------+-------+-------+-------++-------
Melee: War axe           |    77 |   124 |   113 |       ||   314
       Headbutt          |     8 |    18 |    47 |    12 ||    85
       Broad axe         |       |       |    96 |    91 ||   187
Evoke: Wand              |       |       |     1 |       ||     1
  Use: Potion            |     1 |       |       |       ||     1
       Scroll            |       |       |     4 |    17 ||    21
 Stab: Distracted        |       |       |     2 |     1 ||     3
Armor: Scale mail        |    50 |    48 |    69 |    14 ||   181
       Plate armour      |       |       |       |    21 ||    21
Dodge: Dodged            |    19 |    44 |    72 |    19 ||   154
Block: Kite shield       |    53 |    51 |   137 |    83 ||   324
       Reflection        |       |       |       |     7 ||     7

Table legend: (Time is in decaauts)
 A = Elapsed time spent in this place.
 B = Non-inter-level travel time spent in this place.
 C = Inter-level travel time spent in this place.
 D = Time resting spent in this place.
 E = Time spent auto-exploring this place.
 F = Levels seen in this place.
 G = Mean time per level.
                   A        B        C        D        E       F      G
               +--------+--------+--------+--------+--------+-----+--------+
         Total |  12513 |  12023 |    490 |   2791 |   7650 |  10 | 1251.3 |
       Dungeon |  12513 |  12023 |    490 |   2791 |   7650 |  10 | 1251.3 |
               +--------+--------+--------+--------+--------+-----+--------+

Top non-repeatable levels by time:
     D:4: 1866 daAuts
     D:8: 1765 daAuts
     D:9: 1666 daAuts
     D:6: 1494 daAuts
     D:2: 1459 daAuts
     D:7: 1214 daAuts
     D:5: 1096 daAuts
     D:3: 733 daAuts
     D:1: 723 daAuts
    D:10: 494 daAuts
